 Dungeon Crawl Stone Soup version 0.19.1-1-g22dce08 (webtiles) character file.

403 Alarkh the Chopper (level 6, -10/47 HPs)
             Began as a Demonspawn Monk on Jan 7, 2017.
             Mangled by Edmund
             ... wielding a +1 dire flail of protection
              (13 damage)
             ... on level 4 of the Dungeon.
             The game lasted 00:07:55 (7023 turns).

Alarkh the Chopper (Demonspawn Monk)                Turns: 7023, Time: 00:07:56

Health: -10/47     AC:  7    Str: 12    XL:     6   Next: 55%
Magic:  7/7        EV: 11    Int: 15    God:
Gold:   194        SH:  0    Dex: 15    Spells: 2 memorised, 2 levels left

rFire  . . .     SeeInvis .     a - +0 hand axe
rCold  . . .     Gourm    .     j - +0 scale mail
rNeg   . . .     Faith    .     (no shield)
rPois  .         Spirit   .     (no helmet)
rElec  .         Reflect  .     n - +0 cloak
rCorr  .         Harm     .     (no gloves)
MR     +....                    (no boots)
Stlth  ++........               (no amulet)
                                (no ring)
                                (no ring)

@: no status effects
A: clever 1, magic resistance 1, nightstalker 1, evolution 1, sturdy frame 2
a: no special abilities


You were on level 4 of the Dungeon.
You were near starving.

You visited 1 branch of the dungeon, and saw 4 of its levels.

You collected 194 gold pieces.

Inventory:

Hand Weapons
 a - a +0 hand axe (weapon)
Armour
 b - a +0 robe
 j - a +0 scale mail (worn)
 n - a +0 cloak (worn)
Wands
 p - a wand of iceblast (0/15)
Scrolls
 d - 2 scrolls of amnesia {unknown}
 e - a scroll of identify
 g - 2 scrolls of fog {unknown}
 l - 2 scrolls of enchant weapon {unknown}
 m - a scroll of remove curse {unknown}
 o - a scroll of recharging {unknown}
 r - 2 scrolls of teleportation {unknown}
 t - a scroll of magic mapping {unknown}
 u - a scroll of noise {unknown}
Potions
 h - 2 potions of curing {unknown}
Books
 i - a book of Minor Magic

   Spells                             Type                      Level
   a - Magic Dart                     Conjuration                  1
   b - Blink                          Translocation                2
   c - Call Imp                       Summoning                    2
   d - Repel Missiles                 Charms/Air                   2
   e - Slow                           Hexes                        2
   f - Conjure Flame                  Conjuration/Fire             3
   g - Mephitic Cloud                 Conjuration/Poison/Air       3
Comestibles
 c - 5 bread rations
 f - a meat ration
 k - 2 fruits


   Skills:
 - Level 3.0 Fighting
 * Level 6.5 Axes
 - Level 2.6 Dodging
 - Level 1.7 Stealth
 + Level 0.8 Spellcasting
 + Level 1.0 Charms


You had 2 spell levels left.
You knew the following spells:

 Your Spells              Type           Power        Failure   Level  Hunger
a - Blink                 Tloc           N/A          77%         2    ###....
b - Repel Missiles        Chrm/Air       #.....       65%         2    ###....


Dungeon Overview and Level Annotations

Branches:
Dungeon (4/15)
 Temple: D:4-7

Altars:
Kikubaaqudgha
Nemelex Xobeh
Sif Muna
Trog

Annotations:
D:4 Edmund, Eustachio


Innate Abilities, Weirdness & Mutations

You are slightly more attuned to the shadows.
Your movements are less encumbered by armour. (ER -4)
Your mind is acute. (Int +2)
You are resistant to hostile enchantments. (MR+)
You evolve.


Message History

You closely miss Edmund.
Edmund is severely wounded.
Edmund hits you with a dire flail of protection.
* * * LOW HITPOINT WARNING * * *
You barely miss Edmund.
Edmund is severely wounded.
Edmund completely misses you.
You hit Edmund but do no damage.
Edmund is severely wounded.
Edmund hits you but does no damage.
You hit Edmund but do no damage.
Edmund is severely wounded.
You hit Edmund but do no damage.
Edmund is severely wounded.
Edmund hits you with a dire flail of protection.
* * * LOW HITPOINT WARNING * * *
You barely miss Edmund.
Edmund is severely wounded.
Edmund hits you with a dire flail of protection!
You die...

##############.#
#........>......
#.#######.####.)
#.# ###.#######
#.# #..........
#.#####.#.#######
#.....#.#........
######.#'#########
#@@..#........#
####.#........#
#.#........#
####.#........#
#....#........#
##............####
#.####.####......
#.##.....##......
#.#.......#......


You could see Edmund.

Vanquished Creatures
  The ghost of Haldmier the Cudgeler, an amateur OgWz (D:3)
  The ghost of sveltemanboy the Conjurer, an amateur DECj (D:4)
  A worker ant (D:3)
  5 adders
  4 gnolls
  2 oozes (D:1)
  9 worms
  5 dart slugs
  5 leopard geckos
  5 orcs (D:3)
  3 bats
  2 bat zombies (D:3)
  2 giant cockroaches
  9 goblins
  8 hobgoblins
  11 jackals
  5 kobolds
  2 quokkas (D:2)
  4 frilled lizards
  4 rats
  A rat zombie (D:3)
89 creatures vanquished.

Notes
Turn   | Place    | Note
-------+----------+-------------------------------------------
     0 | D:1      | Alarkh the Demonspawn Monk began the quest for the Orb.
     0 | D:1      | Reached XP level 1. HP: 18/18 MP: 1/1
    42 | D:1      | Reached skill level 3 in Axes
   346 | D:1      | Gained mutation: Your movements are slightly less encumbered by armour. (ER -2) [demonic ancestry]
   346 | D:1      | Reached XP level 2. HP: 10/24 MP: 2/2
   879 | D:1      | Gained mutation: Your movements are less encumbered by armour. (ER -4) [demonic ancestry]
   879 | D:1      | Reached XP level 3. HP: 11/29 MP: 3/3
  1246 | D:1      | Reached skill level 4 in Axes
  1369 | D:1      | Found a sparkling altar of Nemelex Xobeh.
  2593 | D:2      | Reached XP level 4. HP: 33/35 MP: 4/4
  3937 | D:2      | Reached skill level 5 in Axes
  4409 | D:3      | Gained mutation: You are slightly more attuned to the shadows. [demonic ancestry]
  4409 | D:3      | Reached XP level 5. HP: 31/41 MP: 5/5
  5773 | D:3      | Found an ancient bone altar of Kikubaaqudgha.
  5835 | D:3      | Noticed Haldmier's ghost (amateur OgWz)
  5837 | D:3      | Gained mutation: You are resistant to hostile enchantments. (MR+) [potion of mutation]
  5837 | D:3      | Gained mutation: Your mind is acute. (Int +2) [potion of mutation]
  5837 | D:3      | Gained mutation: You evolve. [potion of mutation]
  5872 | D:3      | Killed Haldmier's ghost
  5872 | D:3      | Reached skill level 6 in Axes
  5872 | D:3      | Reached XP level 6. HP: 45/47 MP: 6/6
  6119 | D:3      | Learned a level 2 spell: Blink
  6122 | D:3      | Learned a level 2 spell: Repel Missiles
  6242 | D:3      | Found a bloodstained altar of Trog.
  6362 | D:4      | Found a deep blue altar of Sif Muna.
  6380 | D:4      | Noticed sveltemanboy's ghost (amateur DECj)
  6678 | D:4      | Killed sveltemanboy's ghost
  6678 | D:4      | Reached skill level 1 in Charms
  6768 | D:4      | Noticed Edmund
  6769 | D:4      | Noticed Eustachio
  7023 | D:4      | Mangled by Edmund

Skill      XL: |  1  2  3  4  5  6 |
---------------+-------------------+-----
Axes           | 3 4 5 6 |  6.5
Charms         | 1 |  1.0
Fighting       | |  3.0
Dodging        | |  2.6
Stealth        | |  1.7
Spellcasting   | |  0.8

Action                   |  1- 3 |  4- 6 || total
-------------------------+-------+-------++-------
Melee: Hand axe          |   156 |   327 ||   483
Evoke: Wand              |       |     7 ||     7
  Use: Potion            |       |     6 ||     6
       Scroll            |       |     3 ||     3
 Stab: Sleeping          |     4 |     6 ||    10
       Distracted        |       |     1 ||     1
  Eat: Chunk             |     5 |    13 ||    18
Armor: Robe              |    17 |    39 ||    56
       Skin              |       |    28 ||    28
       Scale mail        |       |    30 ||    30
Dodge: Dodged            |    99 |   184 ||   283
